Map: Odyssey LE

Players

Elroye

  • Race: Zerg Zerg
  • Spawn Location: 11:00

MperorM - Winner!

  • Race: Terran Terran
  • Spawn Location: 5:00

Event: WCS Valencia 2017

VOD

Have the link to the VOD?

Description

Time

  • Played on: July 13, 2017, 10:11 a.m.
  • Length: 11:29

All games in this series

Show
View Real Time Build Order
Export as new Build Order

Elroye Zerg 

Build Orders: Hatch First 

Get SALT Encoding   

  12  0:01  Drone  
  13  0:12  Overlord  
  13  0:16  Drone  
  14  0:30  Drone x2  
  14  0:35  Drone  
  17  0:53  Hatchery  
  17  0:57  Drone  
  17  1:00  Drone  
  18  1:12  Extractor  
  18  1:17  Spawning Pool  
  16  1:19  Drone  
  16  1:23  Drone  
  18  1:31  Drone  
  19  1:44  Overlord  
  19  2:04  Queen, Zergling x4  
  19  2:06  Queen  
  19  2:07  Drone  
  26  2:10  Drone  
  26  2:14  Metabolic Boost  
  27  2:16  Drone  
  28  2:23  Drone  
  29  2:31  Drone  
  29  2:33  Drone  
  32  2:37  Drone  
  32  2:40  Queen  
  32  2:43  Overlord  
  34  2:47  Queen  
  36  3:03  Drone  
  36  3:04  Drone x2  
  39  3:06  Drone  
  40  3:13  Drone x2  
  40  3:14  Overlord  
  40  3:15  Drone x2  
  44  3:26  Hatchery  
  43  3:33  Drone x4  
  43  3:34  Drone  
  48  3:42  Drone  
  48  3:48  Overlord  
  49  3:49  Overlord  
  49  3:51  Queen  
  49  3:52  Drone  
  49  3:55  Extractor, Overlord  
  52  4:00  Evolution Chamber x2  
  49  4:08  Drone  
  49  4:09  Drone x5  
  54  4:12  Queen  
  56  4:20  Drone x2  
  58  4:34  Drone  
  58  4:36  Drone  
  58  4:37  Drone  
  58  4:38  Queen  
  61  4:39  Drone  
  61  4:40  Zerg Melee Weapons Level 1, Drone  
  61  4:41  Zerg Ground Armor Level 1  
  65  4:48  Zergling x12  
  71  4:54  Zergling x2  
  71  4:55  Zergling x2  
  73  5:01  Overlord  
  73  5:02  Overlord  
  73  5:12  Lair  
  73  5:16  Baneling Nest  
  73  5:17  Zergling x2  
  73  5:23  Zergling x20  
  73  5:24  Zergling x2  
  73  5:25  Queen  
  86  5:31  Drone  
  86  5:32  Drone  
  88  5:41  Drone  
  88  5:42  Overlord x2  
  89  5:44  Extractor  
  89  5:46  Extractor, Drone  
  89  5:49  Drone  
  89  5:51  Overlord  
  86  6:05  Baneling  
  86  6:06  Baneling x3  
  86  6:07  Zergling x16  
  78  6:24  Zergling x8  
  78  6:25  Zergling x14  
  77  6:27  Baneling x2  
  77  6:28  Queen x2  
  81  6:38  Baneling x6  
  81  6:39  Zergling x4  
  77  6:50  Zergling x4  
  75  6:57  Hatchery, Drone  
  75  7:01  Zerg Melee Weapons Level 2  
  75  7:07  Centrifical Hooks  
  75  7:09  Queen x2  
  75  7:11  Drone x7  
  75  7:12  Drone  
  87  7:25  Hatchery  
  87  7:29  Extractor  
  85  7:30  Extractor  
  85  7:32  Zergling x6  
  85  7:35  Overlord  
  85  7:36  Drone x2  
  89  7:37  Drone  
  90  7:51  Zergling x2  
  91  7:52  Overlord  
  91  7:53  Overlord  
  91  7:59  Overlord  
  91  8:00  Hydralisk Den, Overlord  
  89  8:08  Zerg Ground Armor Level 2  
  89  8:12  Baneling x5  
  89  8:15  Zergling x12  
  95  8:25  Zergling x6  
  98  8:37  Hydralisk, Muscular Augments  
  98  8:38  Hydralisk x3  
  98  8:40  Zergling x2  
  98  8:41  Zergling x6  
  109  8:42  Drone  
  109  8:43  Drone x4  
  112  8:52  Hatchery  
  112  8:53  Drone x2  
  112  9:07  Hydralisk  
  112  9:08  Hydralisk x2, Zergling x2  
  112  9:09  Zergling x14  
  124  9:19  Hydralisk x2, Baneling x9  
  124  9:20  Zergling x2  
  125  9:30  Hydralisk x3  
  124  9:31  Zergling x4  
  124  9:32  Zergling x6  
  119  9:48  Overseer  
  119  9:51  Drone  
  119  9:52  Drone  
  119  10:02  Hatchery  
  119  10:03  Baneling x3  
  118  10:08  Zergling x16  
  112  10:27  Zergling x14  
  112  10:28  Baneling x10  
  119  10:31  Baneling x8  
  119  10:32  Baneling, Zergling x4  
  121  10:35  Hydralisk  
  121  10:36  Hydralisk, Zergling x4  
  127  10:45  Zergling x12  
  127  10:49  Hydralisk, Baneling x3  
  135  10:54  Overlord  
  130  10:59  Hatchery, Baneling  
  130  11:00  Baneling x7  
  120  11:09  Zergling x22  
Show
View Real Time Build Order
Export as new Build Order

MperorM Terran - Winner!

Build Orders: Reaper Expand, MMM Bio 

Get SALT Encoding   

  12  0:00  SCV  
  13  0:13  SCV  
  14  0:16  Supply Depot  
  14  0:25  SCV  
  15  0:38  SCV  
  15  0:41  Barracks  
  16  0:45  Refinery  
  16  0:50  SCV  
  17  1:02  SCV  
  18  1:14  SCV  
  19  1:27  Orbital Command, Reaper  
  20  1:40  Command Center  
  20  1:50  Barracks  
  20  1:54  SCV  
  20  1:59  Barracks Reactor  
  21  2:06  SCV  
  22  2:10  Supply Depot  
  22  2:18  SCV  
  22  2:22  Factory  
  23  2:25  Refinery  
  23  2:31  SCV  
  23  2:35  Marine  
  23  2:36  Marine  
  26  2:37  Barracks Tech Lab  
  26  2:43  SCV  
  27  2:51  Orbital Command  
  27  2:53  Marine x2  
  27  2:56  SCV  
  27  2:58  Marine  
  31  3:05  Stimpack  
  31  3:11  Marine x2  
  33  3:13  SCV  
  33  3:19  SCV  
  35  3:23  Starport  
  35  3:26  Factory Reactor  
  35  3:27  SCV  
  35  3:32  Marine x2  
  38  3:34  SCV  
  38  3:35  Marine  
  38  3:39  SCV  
  40  3:45  Supply Depot  
  40  3:48  SCV  
  41  3:51  Marine x2  
  43  3:56  SCV  
  43  4:05  SCV  
  43  4:07  Supply Depot  
  46  4:10  Marine  
  46  4:11  Marine  
  46  4:13  Marine, Medivac x2  
  46  4:14  SCV  
  46  4:15  Supply Depot  
  52  4:19  SCV  
  53  4:25  Armory  
  53  4:26  SCV  
  53  4:29  Supply Depot  
  53  4:31  SCV  
  55  4:36  Marine x3  
  57  4:38  SCV  
  57  4:41  Supply Depot  
  57  4:43  SCV  
  59  4:49  Hellion x2  
  59  4:51  Medivac  
  59  4:52  SCV  
  66  4:55  Marine x3, SCV  
  66  4:59  Supply Depot  
  70  5:04  SCV  
  71  5:09  SCV  
  71  5:10  Hellion, Combat Shields  
  71  5:11  Hellion  
  76  5:14  Marine x3  
  76  5:16  SCV  
  79  5:30  Command Center  
  79  5:32  SCV x2  
  79  5:33  Refinery  
  79  5:35  Refinery  
  81  5:37  Marine x2  
  83  5:43  Engineering Bay  
  83  5:44  Factory Reactor  
  83  5:46  SCV  
  84  5:51  Marine  
  84  5:52  SCV  
  84  5:53  Engineering Bay  
  84  5:54  Marine  
  87  5:58  SCV  
  87  6:00  Marine  
  87  6:04  SCV  
  86  6:18  Marine x2  
  82  6:19  Marauder, SCV  
  84  6:27  Terran Infantry Armor Level 1, Barracks, Medivac x2, Terran Infantry Weapons Level 1  
  84  6:29  SCV, Barracks  
  84  6:32  Barracks, Widow Mine  
  89  6:33  SCV, Barracks  
  89  6:36  Widow Mine  
  94  6:42  SCV  
  92  6:54  Marauder, Marine x2  
  78  6:57  SCV x2  
  78  7:01  Widow Mine  
  84  7:02  Medivac x2  
  84  7:05  Widow Mine  
  84  7:07  Refinery  
  92  7:09  SCV  
  92  7:10  Refinery  
  93  7:19  Barracks Reactor x3  
  93  7:20  Marine x2  
  93  7:21  Barracks Tech Lab  
  95  7:24  Marauder  
  95  7:25  Orbital Command  
  95  7:26  SCV x2  
  99  7:34  Widow Mine x2  
  103  7:38  SCV x2  
  103  7:39  Marine x2  
  103  7:40  Marauder  
  109  7:45  Command Center  
  109  7:50  SCV x2  
  109  7:57  Supply Depot  
  109  7:58  Supply Depot  
  109  7:59  Marauder, Marine x5, SCV  
  109  8:04  SCV  
  117  8:19  SCV, Marine x2, Medivac x2, Widow Mine x2  
  131  8:20  Marauder, SCV, Supply Depot  
  131  8:21  Marauder  
  133  8:29  Supply Depot  
  133  8:34  Terran Infantry Weapons Level 2  
  133  8:39  Terran Infantry Armor Level 2  
  133  8:41  Marine x4  
  133  8:42  SCV  
  133  8:43  Marine x2  
  133  8:44  SCV  
  130  8:50  Marine, Supply Depot  
  130  8:51  SCV  
  132  9:02  Marine  
  133  9:03  Marauder  
  133  9:04  Widow Mine  
  133  9:05  Widow Mine  
  133  9:07  Marine x6  
  145  9:12  SCV  
  146  9:17  Marine  
  146  9:21  Marine  
  141  9:27  Marine  
  141  9:29  Liberator, Marine  
  141  9:30  Marine x4  
  141  9:31  SCV  
  142  9:33  Liberator  
  142  9:36  Marine  
  141  9:43  Marine  
  141  9:44  Marauder x2, Orbital Command, Widow Mine x2  
  145  9:47  Refinery  
  145  9:48  Refinery  
  145  9:51  SCV  
  150  9:54  Marine x4  
  150  9:56  Marine  
  155  10:00  SCV  
  155  10:02  Supply Depot  
  156  10:08  Marauder, Marine  
  156  10:09  Marauder, SCV x2  
  156  10:12  SCV  
  162  10:15  Marine x5  
  162  10:16  SCV  
  164  10:22  Marine  
  164  10:23  Marine  
  164  10:24  Widow Mine x2  
  164  10:26  Marine  
  167  10:29  Marine, Medivac  
  167  10:33  Medivac  
  172  10:48  Marine  
  173  10:52  Widow Mine  
  173  10:53  Widow Mine  
  173  10:54  Marine x6  
  173  10:55  Marine  
  173  10:56  SCV  
  170  11:00  SCV  
  167  11:07  SCV  
  167  11:08  Marine x3  
  167  11:11  SCV x2  
Tags
 
Add a new tag
Caveats
  • Supply blocks, unpowered buildings, or Contaminate may cause inaccurate times.
  • Supply counts are checked every 10 seconds.